Map: Ruins of Seras

Players

Elazer

  • Race: Zerg Zerg
  • League: Grandmaster

ShoWTimE - Winner!

  • Race: Protoss Protoss

Event: DreamHack ROCCAT LotV Championship

VOD

Have the link to the VOD?

Description

Time

  • Played on: Nov. 27, 2015, 7:30 a.m.
  • Length: 10:36

All games in this series

Show
View Real Time Build Order
Export as new Build Order

Elazer Zerg 

Build Orders: 3 Hatch before Pool, Lurkers 

Get SALT Encoding   

  12  0:00  Drone  
  13  0:13  Overlord  
  13  0:17  Drone  
  14  0:32  Drone x2  
  16  0:36  Drone  
  17  0:53  Hatchery  
  17  0:56  Drone  
  17  0:59  Drone  
  18  1:08  Drone  
  19  1:24  Hatchery  
  18  1:26  Drone  
  19  1:40  Spawning Pool  
  19  1:42  Extractor  
  19  1:43  Drone  
  18  1:48  Drone  
  18  1:51  Drone  
  20  2:07  Drone  
  21  2:13  Drone  
  22  2:17  Drone  
  23  2:24  Drone  
  23  2:26  Queen x2  
  28  2:33  Overlord  
  28  2:36  Queen  
  30  2:41  Metabolic Boost  
  30  2:45  Zergling x2  
  30  2:48  Zergling x2  
  32  2:51  Drone x2  
  32  2:56  Drone  
  32  2:58  Drone  
  36  2:59  Drone  
  36  3:02  Drone  
  38  3:07  Queen  
  38  3:11  Overlord  
  40  3:16  Drone x2  
  42  3:30  Drone  
  42  3:31  Drone, Extractor  
  42  3:32  Drone x2  
  42  3:34  Drone, Overlord  
  46  3:37  Drone x2  
  48  3:41  Drone x2  
  48  3:47  Overlord  
  50  3:50  Extractor  
  50  3:51  Roach Warren, Drone  
  50  3:52  Drone x2  
  50  3:54  Drone x2  
  53  3:56  Drone  
  53  4:01  Drone  
  53  4:02  Drone x2  
  57  4:13  Drone x2  
  57  4:14  Lair, Drone x3  
  62  4:20  Overlord  
  62  4:31  Drone x2  
  62  4:33  Overlord  
  62  4:34  Drone x2  
  62  4:36  Extractor  
  65  4:39  Drone x2  
  65  4:44  Drone x2  
  65  4:45  Drone x2  
  71  4:48  Overlord  
  71  4:53  Drone x3  
  71  4:54  Overlord  
  71  4:55  Extractor  
  73  5:02  Spore Crawler  
  73  5:03  Spore Crawler  
  73  5:04  Spore Crawler, Drone  
  73  5:05  Drone  
  73  5:06  Drone x2  
  74  5:09  Roach x2  
  74  5:13  Glial Reconstitution  
  78  5:16  Roach x6  
  90  5:25  Drone  
  90  5:26  Extractor  
  90  5:27  Drone x3  
  93  5:28  Hatchery  
  92  5:40  Drone x3  
  92  5:41  Infestation Pit  
  94  5:43  Evolution Chamber  
  94  5:44  Drone  
  94  5:46  Evolution Chamber  
  94  5:47  Hydralisk Den  
  92  5:51  Overlord x2  
  92  5:53  Ravager x2  
  92  5:54  Ravager x2  
  96  6:03  Drone x2  
  93  6:04  Drone x3  
  93  6:05  Drone  
  93  6:10  Zerg Melee Weapons Level 1  
  96  6:13  Zerg Ground Armor Level 1  
  96  6:14  Zergling x10  
  101  6:19  Overlord  
  101  6:21  Hive  
  101  6:22  Lurker Den  
  101  6:31  Hydralisk x4  
  104  6:39  Infestor  
  106  6:42  Overlord x2  
  106  6:44  Drone x8  
  114  6:47  Drone x2  
  114  6:48  Drone x2  
  118  7:04  Extractor  
  118  7:05  Extractor  
  115  7:11  Hydralisk x6  
  115  7:13  Overlord x2  
  115  7:14  Hydralisk x2  
  131  7:22  Zergling x12  
  137  7:24  Hydralisk x3  
  143  7:30  Overlord x2  
  143  7:32  Hydralisk  
  143  7:33  Hydralisk x2  
  143  7:34  Zergling x6  
  143  7:35  Zergling x4  
  154  7:42  Zergling x2  
  154  7:43  Zergling x8  
  158  7:48  Zergling x2  
  158  7:49  Zergling x6  
  126  8:00  Hydralisk x5  
  126  8:05  Zergling x14  
  134  8:07  Lurker  
  134  8:08  Lurker x2  
  134  8:15  Zergling x10  
  134  8:16  Zergling x2  
  122  8:35  Drone x2  
  122  8:36  Drone  
  122  8:37  Overlord  
  122  8:45  Hatchery  
  122  8:47  Hydralisk  
  122  8:48  Hydralisk x4  
  111  8:51  Zergling x4  
  111  8:53  Zergling x2  
  121  9:11  Lurker  
  121  9:12  Lurker x3  
  121  9:14  Hydralisk x6  
  136  9:30  Hatchery  
  126  9:31  Zergling x2  
  126  9:32  Zergling x4  
  124  9:55  Hatchery, Hydralisk  
  119  10:17  Zergling x4  
Show
View Real Time Build Order
Export as new Build Order

ShoWTimE Protoss - Winner!

Build Orders: Nexus First 

Get SALT Encoding   

  12  0:01  Probe (Chrono Boost)  
  13  0:11  Probe (Chrono Boost)  
  14  0:18  Pylon  
  14  0:22  Probe (Chrono Boost)  
  15  0:36  Probe (Chrono Boost)  
  16  0:47  Probe (Chrono Boost)  
  17  1:01  Nexus  
  17  1:14  Gateway  
  17  1:16  Probe (Chrono Boost)  
  18  1:22  Assimilator  
  18  1:27  Probe (Chrono Boost)  
  18  1:30  Assimilator  
  19  1:37  Probe (Chrono Boost)  
  20  1:48  Probe (Chrono Boost)  
  20  1:53  Gateway  
  21  1:59  Probe (Chrono Boost)  
  22  2:02  Cybernetics Core  
  22  2:09  Probe (Chrono Boost)  
  22  2:14  Probe (Chrono Boost)  
  24  2:20  Probe (Chrono Boost)  
  25  2:25  Probe (Chrono Boost)  
  26  2:30  Probe (Chrono Boost)  
  26  2:34  Probe (Chrono Boost)  
  28  2:38  Robotics Facility  
  28  2:39  Adept (Chrono Boost)  
  28  2:40  Probe  
  28  2:42  Warp Gate  
  31  2:44  Probe  
  32  2:53  Mothership Core (Chrono Boost)  
  32  2:57  Probe (Chrono Boost)  
  34  2:59  Pylon  
  35  3:06  Adept  
  35  3:09  Probe (Chrono Boost)  
  38  3:18  Probe (Chrono Boost)  
  40  3:20  Probe (Chrono Boost), Pylon  
  40  3:28  Probe (Chrono Boost)  
  40  3:30  Probe (Chrono Boost), Robotics Bay  
  42  3:39  Probe x2 (Chrono Boost)  
  44  3:41  Warp Prism (Chrono Boost)  
  46  3:49  Probe  
  46  3:50  Probe, Pylon  
  48  3:56  Pylon  
  48  3:57  Assimilator  
  48  4:00  Probe, Assimilator  
  48  4:02  Probe  
  50  4:10  Probe  
  50  4:15  Probe, Disruptor (Chrono Boost)  
  55  4:18  Gravitic Drive (Chrono Boost)  
  55  4:21  Probe  
  56  4:28  Gateway  
  56  4:31  Gateway  
  56  4:34  Probe x2  
  56  4:35  Forge  
  58  4:44  Disruptor  
  58  4:51  Probe x2  
  63  4:54  Twilight Council  
  63  4:58  Protoss Ground Weapons Level 1 (Chrono Boost)  
  63  5:08  Nexus  
  63  5:09  Pylon  
  63  5:14  Probe x2  
  63  5:15  Pylon  
  65  5:27  Stalker  
  67  5:30  Stalker  
  67  5:31  Stalker  
  67  5:32  Blink (Chrono Boost)  
  71  5:37  Probe x2  
  71  5:41  Gateway  
  73  5:43  Gateway  
  73  5:52  Gateway  
  73  5:53  Gateway  
  73  5:55  Observer  
  74  6:06  Stalker x3  
  80  6:11  Pylon  
  80  6:17  Photon Cannon  
  80  6:32  Stalker x2  
  80  6:33  Stalker  
  86  6:44  Pylon  
  86  6:46  Stalker x2  
  90  6:47  Stalker  
  90  6:48  Stalker  
  90  6:51  Gateway  
  94  6:57  Zealot  
  94  7:00  Pylon  
  96  7:01  Pylon  
  96  7:10  Stalker x3  
  96  7:11  Stalker x2  
  96  7:14  Stalker  
  108  7:20  Pylon  
  108  7:21  Pylon  
  108  7:34  Stalker x2  
  108  7:35  Stalker x2  
  116  7:41  Stalker x2  
  102  8:09  Stalker x2  
  102  8:10  Stalker x5  
  113  8:35  Stalker  
  113  8:36  Stalker x6, Observer  
  116  8:57  Observer  
  117  9:06  Stalker  
  117  9:07  Stalker x4  
  117  9:08  Stalker x2  
  131  9:12  Stalker  
  133  9:24  Disruptor  
  136  9:35  Stalker x2  
  140  9:39  Pylon x2  
  140  9:43  Assimilator  
  140  9:45  Assimilator  
  140  9:52  Probe, Robotics Facility  
  141  10:00  Stalker x3, Pylon  
  141  10:01  Stalker  
  147  10:10  Stalker x2  
  145  10:25  Stalker x2, Zealot x3  

Tags
 
Add a new tag
Caveats
  • Supply blocks, unpowered buildings, or Contaminate may cause inaccurate times.
  • Supply counts are checked every 10 seconds.